 Dungeon Crawl Stone Soup version 0.28.0-49-g6dfe1f597d (webtiles) character file.

Game seed: 17246765774831011772

752 VictoriousLee the Cleaver (level 8, -2/58 HPs)
             Began as a Formicid Fighter on May 20, 2022.
             Was an Initiate of Qazlal.
             Slain by an orc warrior
             ... wielding a +0 long sword
              (12 damage)
             ... on level 4 of the Dungeon.
             The game lasted 00:14:07 (5345 turns).

VictoriousLee the Cleaver (Formicid Fighter)        Turns: 5345, Time: 00:14:08

Health: -2/58      AC: 11    Str: 22    XL:     8   Next: 6%
Magic:  8/8        EV:  6    Int:  9    God:    Qazlal [......]
Gold:   203        SH:  4    Dex: 10    Spells: 7/7 levels left

rFire   . . .      SeeInvis +   a - +0 war axe
rCold   . . .      Faith    .   c - +0 buckler
rNeg    . . .      Spirit   .   s - +0 plate armour
rPois   .          Reflect  .   (helmet unavailable)
rElec   .          Harm     .   (no cloak)
rCorr   .          Rampage  .   (no gloves)
Will    .....                   (no boots)
Stlth   ..........              (no amulet)
HPRegen 0.19/turn               (no ring)
MPRegen 0.11/turn               (no ring)

@: no status effects
A: permanent stasis, dig shafts and tunnels, antennae 3, four strong arms
a: Dig, Shaft Self, Renounce Religion


You were on level 4 of the Dungeon.
You worshipped Qazlal.
Qazlal was noncommittal.
You visited 2 branches of the dungeon, and saw 6 of its levels.

You collected 203 gold pieces.

Inventory:

Hand Weapons
 a - a +0 war axe (weapon)
 d - a +0 war axe
 j - a +0 mace
 m - a +2 dagger of electrocution
 p - a +0 war axe
 t - a +0 whip
 u - a +0 hand axe
 v - a +0 flail
Missiles
 f - 2 curare-tipped darts
 h - 9 boomerangs
 n - 80 stones
 o - 2 poisoned darts
 q - 18 sling bullets
Armour
 b - a +0 scale mail
 c - a +0 buckler (worn)
 s - a +0 plate armour (worn)
Scrolls
 i - a scroll of identify
 k - a scroll of immolation
Potions
 e - a potion of resistance {unknown}
 g - a potion of flight
 l - 2 potions of brilliance


   Skills:
 - Level 3.2 Fighting
 + Level 8.6 Axes
 - Level 3.2 Armour
 - Level 3.6 Shields


You had 7 spell levels left.
You didn't know any spells.
Your spell library was empty.

Dungeon Overview and Level Annotations

Branches:
Dungeon (5/15)             Temple (1/1) D:4

Altars:
Ashenzari
Cheibriados
Dithmenos
Elyvilon
Fedhas
Gozag
Hepliaklqana
Makhleb
Nemelex Xobeh
Qazlal
Ru
Trog
Uskayaw


Innate Abilities, Weirdness & Mutations

You cannot be hasted, slowed, berserked, paralysed or teleported.
You can dig through walls and to a lower floor.
You have a pair of large antennae on your head. (SInv)
Your four strong arms can wield two-handed weapons with a shield.


Message History

You hit the orc warrior.
The orc warrior is severely wounded.
The orc warrior zaps a wand.
You easily resist.
You hit the orc warrior.
The orc warrior is severely wounded.
The orc warrior hits you with a +0 long sword!
* * * LOW HITPOINT WARNING * * *
You feel much better.
The orc warrior zaps a wand.
Your stasis prevents you from being paralysed.
You hit the orc warrior but do no damage.
The orc warrior is severely wounded.
The orc warrior closely misses you.
You closely miss the orc warrior.
The orc warrior is severely wounded.
The orc warrior zaps a wand.
You easily resist.
The now-empty wand crumbles to dust.
You barely miss the orc warrior.
The orc warrior is severely wounded.
The orc warrior barely misses you.
You barely miss the orc warrior.
The orc warrior is severely wounded.
The orc warrior barely misses you.
You closely miss the orc warrior.
The orc warrior is severely wounded.
The orc warrior hits you with a +0 long sword!
You hit the orc warrior.
The orc warrior is almost dead.
The orc warrior hits you with a +0 long sword.
You barely miss the orc warrior.
The orc warrior is almost dead.
The orc warrior hits you with a +0 long sword!
* * * LOW HITPOINT WARNING * * *
You hit the orc warrior.
The orc warrior is almost dead.
The orc warrior hits you with a +0 long sword.
* * * LOW HITPOINT WARNING * * *
You barely miss the orc warrior.
The orc warrior is almost dead.
The orc warrior hits you with a +0 long sword!
You die...

##.## ####.#....# #.....
####.#####......##.# #.....
..##.##.[..##.####.# ##.###
................##.#########..#
.##..#######..#..)...........###
...........#.#####..#...#......#
..########.#.# ###..###.#......#
.## #...# #o....##)#......# ##
#.### #@###.##........# #...#
#.# #..#........# #.#.###.#
##.#.#......# #
#.#.#...###....#......#
##########.#..........###......#
.##..........#..#####.# ########
....######.#.##.### #.#
##..######.#.##...# #.#
###........#.####.# #.###


You could see an orc warrior.

Vanquished Creatures
  A hornet zombie (D:5)
  An ice beast (D:4)
  2 ogres (D:4)
  A scorpion (D:4)
  A jelly (D:5)
  A bullfrog zombie (D:5)
  A hound (D:4)
  An iguana (D:4)
  Natasha (thrice) (D:3)
  An orc wizard (D:4)
  A gnoll (D:4)
  7 adders
  2 dart slugs
  9 orcs
  7 bats
  5 endoplasms
  2 giant cockroaches (D:1)
  3 goblins
  4 hobgoblins
  9 kobolds
  3 quokkas
  5 ball pythons
  3 frilled lizards
  2 rats
75 creatures vanquished.

Notes
Turn   | Place    | Note
-------+----------+-------------------------------------------
     0 | D:1      | VictoriousLee the Formicid Fighter began the quest for the
                  | Orb.
     0 | D:1      | Reached XP level 1. HP: 18/18 MP: 1/1
   125 | D:1      | Reached XP level 2. HP: 18/24 MP: 2/2
   363 | D:1      | Reached skill level 3 in Axes
   556 | D:1      | Reached XP level 3. HP: 28/29 MP: 3/3
  1457 | D:2      | Found a bloodstained altar of Trog.
  2084 | D:3      | Reached skill level 4 in Axes
  2084 | D:3      | Reached XP level 4. HP: 33/35 MP: 4/4
  2756 | D:3      | Noticed Natasha
  2776 | D:3      | Killed Natasha
  2777 | D:3      | Reached skill level 5 in Axes
  2777 | D:3      | Reached XP level 5. HP: 34/41 MP: 5/5
  2970 | D:3      | Noticed Natasha
  2978 | D:3      | Killed Natasha
  3328 | D:4      | Noticed an ogre
  3364 | D:3      | Noticed Natasha
  3370 | D:3      | Killed Natasha
  3371 | D:3      | Reached XP level 6. HP: 45/47 MP: 6/6
  3376 | D:4      | Found a staircase to the Ecumenical Temple.
  3407 | D:4      | Reached skill level 6 in Axes
  3415 | D:4      | Noticed an ogre
  3514 | D:4      | Killed an ogre
  3638 | Temple   | Entered the Ecumenical Temple
  3705 | Temple   | Became a worshipper of Qazlal Stormbringer
  4000 | D:4      | Reached skill level 7 in Axes
  4000 | D:4      | Reached XP level 7. HP: 23/52 MP: 7/7
  4757 | D:5      | Entered Level 5 of the Dungeon
  4799 | D:4      | Reached skill level 8 in Axes
  5194 | D:5      | Reached XP level 8. HP: 36/58 MP: 8/8
  5345 | D:4      | Slain by an orc warrior

Illustrated notes

Levels and vault maps discovered:
D:1:      mrwooster_arrival_statue_2, layout_basic
D:2:      layout_basic, basic_altar
D:3:      layout_basic, minmay_puff, uniq_natasha
D:4:      layout_rooms, minmay_temple_entry_arrows
D:5:      layout_loops_cross, nicolae_overflow_crystal_walls,
          mainiacjoe_overflow_alcove_2, mainiacjoe_overflow_cross_hatched,
          hangedman_decor_peaks_small, uniq_prince_ribbit1
Temple:   nicolae_temple_god_jail

Skill      XL: |  1  2  3  4  5  6  7 |
---------------+----------------------+-----
Axes           | 3 4 5 7 8 |  8.6
Fighting       | |  3.2
Armour         | |  3.2
Shields        | |  3.6

Action                   |  1- 3 |  4- 6 |  7- 9 || total
-------------------------+-------+-------+-------++-------
Melee: War axe           |    65 |       |    34 ||    99
       Dagger            |    15 |   132 |    39 ||   186
  Use: Potion            |       |     1 |     2 ||     3
       Scroll            |       |       |     5 ||     5
Armor: Scale mail        |    37 |     7 |       ||    44
       Plate armour      |       |    44 |    26 ||    70
Dodge: Dodged            |    39 |    33 |    20 ||    92
Block: Buckler           |    15 |    20 |     7 ||    42
